 Dungeon Crawl Stone Soup version 0.18-a0-1070-gd466a24 (webtiles) character file.

457 tof the Shield-Bearer (level 7, -1/55 HPs)
             Began as a Formicid Fighter on Jan 13, 2016.
             Slain by Zebura's ghost (9 damage)
             ... on level 4 of the Dungeon.
             The game lasted 00:10:42 (4675 turns).

tof the Shield-Bearer (Formicid Fighter)            Turns: 4675, Time: 00:10:42

Health: -1/55      AC:  8    Str: 20    XL:     7   Next: 27%
Magic:  7/7        EV:  9    Int:  8    God:
Gold:   212        SH: 10    Dex: 12    Spells: 0 memorised, 6 levels left

rFire  + . .     SeeInvis +     a - +3 trident
rCold  . . .     Gourm    .     b - +0 scale mail
rNeg   . . .     Faith    .     c - +0 shield
rPois  .         Spirit   .     (helmet unavailable)
rElec  .         Dismiss  .     (no cloak)
rCorr  .         Reflect  .     u - +0 pair of gloves
SustAt .         Harm     .     (no boots)
MR     +....                    (no amulet)
Stlth  ..........               q - ring of protection from magic
                                e - +3 ring of slaying

@: somewhat resistant to hostile enchantments, extremely unstealthy
A: permanent stasis, dig shafts and tunnels, four strong arms, antennae 3,
talons 1, fire resistance 1
a: Dig, Shaft Self


You were on level 4 of the Dungeon.
You were not hungry.

You visited 1 branch of the dungeon, and saw 4 of its levels.

You collected 212 gold pieces.

Inventory:

Hand Weapons
 a - a +3 trident (weapon)
 y - a cursed -3 blowgun
Missiles
 z - 4 poisoned needles
Armour
 b - a +0 scale mail (worn)
 c - a +0 shield (worn)
 u - a +0 pair of gloves (worn)
Jewellery
 e - a +3 ring of slaying (left hand)
 q - a ring of protection from magic (right hand)
Wands
 s - a wand of disintegration (7/24)
Scrolls
 g - 2 scrolls of remove curse
 h - 3 scrolls of amnesia
 i - 2 scrolls of fear
 l - a scroll of magic mapping {unknown}
 m - 2 scrolls of identify {unknown}
 p - a scroll of noise {unknown}
 A - 2 scrolls of recharging
 C - a scroll of immolation {unknown}
 D - a scroll of teleportation {unknown}
 E - a scroll of fog {unknown}
Potions
 d - a potion of might
 j - a potion of brilliance
 k - a potion of agility
 n - a potion of lignification
 r - a potion of resistance {unknown}
 t - a potion of flight
Comestibles
 f - 3 bread rations
 o - a meat ration


   Skills:
 + Level 4.8 Fighting
 + Level 3.3 Polearms
 + Level 2.0 Throwing
 + Level 4.6 Armour
 - Level 1.3 Dodging
 + Level 5.6 Shields


You had 6 spell levels left.
You didn't know any spells.

Dungeon Overview and Level Annotations

Branches:
Dungeon (4/15)
 Temple: D:4-7

Altars:
Makhleb

Annotations:
D:4 Zebura's ghost, amateur CeFi


Innate Abilities, Weirdness & Mutations

You are under a permanent stasis effect.
You can dig through walls and to a lower floor.
Your four strong arms can wield two-handed weapons with a shield.
You have a pair of large antennae on your head (SInv).
You have sharp toenails.
Your flesh is heat resistant.


Message History

You are too injured to fight recklessly!
You are too injured to fight recklessly!
You hit Zebura's ghost but do no damage.
Your kick misses Zebura's ghost.
Zebura's ghost is severely damaged.
Zebura's ghost hits you but does no damage.
You hit Zebura's ghost but do no damage.
Zebura's ghost is severely damaged.
Zebura's ghost hits you.
* * * LOW HITPOINT WARNING * * *
Zebura's ghost hits you.
* * * LOW HITPOINT WARNING * * *
You hit Zebura's ghost but do no damage.
You claw Zebura's ghost, but do no damage.
Zebura's ghost is severely damaged.
Zebura's ghost barely misses you.
You puncture Zebura's ghost! Your kick misses Zebura's ghost.
Zebura's ghost is almost destroyed.
Zebura's ghost hits you!
You die...

#........!#####.#
####...........# #.#
.............#.# #.#
####.#.......#.###.##
##.#....#..........
#....>.###.%.......
#..(....#.......###
###..(.......#.##.###
#..)@......###.##....
#.#.W......# # #.###
#.#........# #.#
#......(.....##.###
##((...#...........
#.......######..#.
....###.# #..#. #####
.# #..#. #..##


You could see Zebura's ghost.

Vanquished Creatures
  A phantom (D:4)
  A centaur (D:4)
  A hound (D:3)
  An orc wizard (D:3)
  2 worker ants (D:3)
  Natasha (D:3)
  7 adders
  An ooze (D:3)
  An adder skeleton (D:4)
  3 worms
  3 giant geckos
  6 orcs (D:3)
  A ball python (D:3)
  6 bats
  4 giant cockroaches
  4 goblins
  10 hobgoblins
  4 jackals
  2 quokkas (D:3)
  6 giant newts
  13 kobolds
  15 rats
93 creatures vanquished.

Notes
Turn   | Place    | Note
--------------------------------------------------------------
     0 | D:1      | tof the Formicid Fighter began the quest for the Orb.
     0 | D:1      | Reached XP level 1. HP: 18/18 MP: 1/1
   246 | D:1      | Reached XP level 2. HP: 24/24 MP: 2/2
   446 | D:1      | Reached XP level 3. HP: 30/30 MP: 3/3
   645 | D:2      | Reached skill level 4 in Shields
   699 | D:2      | Reached XP level 4. HP: 32/37 MP: 4/4
   795 | D:2      | Reached skill level 1 in Dodging
  1154 | D:3      | Reached XP level 5. HP: 42/42 MP: 5/5
  1279 | D:3      | Reached skill level 5 in Shields
  1877 | D:3      | Reached XP level 6. HP: 43/48 MP: 6/6
  1880 | D:3      | Found a burning altar of Makhleb.
  1939 | D:3      | Reached skill level 1 in Throwing
  2002 | D:4      | Noticed Zebura's ghost (amateur CeFi)
  2004 | D:4      | Noticed Natasha
  2342 | D:3      | HP: 2/49 [Natasha/magic dart (9)]
  2346 | D:3      | Gained mutation: You have sharp toenails. [potion of mutation]
  2346 | D:3      | Gained mutation: Your flesh is heat resistant. [potion of mutation]
  2348 | D:3      | Killed Natasha
  3571 | D:3      | Reached XP level 7. HP: 3/55 MP: 7/7
  4675 | D:4      | Slain by Zebura's ghost

Vault maps used:
D:1:      elethiomel_arrival_quiet, hex_large, minmay_circled_x
D:2:      st_stairs_2
D:3:      makhleb_heckhound_becter
D:4:      lemuel_upstairs_altar, cheibrodos_ashenzari_chains, first_bread,
          uniq_natasha

Action                   |  1- 3 |  4- 6 |  7- 9 || total
-------------------------+-------+-------+-------++-------
Melee: Trident           |    81 |   300 |    84 ||   465
  Use: Potion            |       |     8 |       ||     8
       Scroll            |       |     7 |       ||     7
  Eat: Chunk             |       |     7 |     1 ||     8
       Royal jelly       |       |     1 |       ||     1
       Bread ration      |       |       |     1 ||     1
       Beef jerky        |       |       |     1 ||     1
